 Dungeon Crawl Stone Soup version 0.16-a0-286-g6bac339 (webtiles) character file.

1116 Kashira the Gusty (level 8, -3/43 HPs)
             Began as a Tengu Air Elementalist on Aug 28, 2014.
             Was a Believer of Qazlal.
             Slain by a giant frog (6 damage)
             ... on Level 6 of the Dungeon.
             The game lasted 00:40:07 (5256 turns).

Kashira the Gusty (Tengu Air Elementalist)          Turns: 5256, Time: 00:40:08

HP  -3/43        AC  3     Str  8      XL: 8   Next: 34%
MP  19/21        EV 12     Int 17      God: Qazlal [**....]
Gold 145         SH  2     Dex 16      Spells:  5 memorised,  6 levels left

rFire  + . .     SeeInvis .     y - +0 halberd (venom)
rCold  x . .     Clarity  .     r - +0 leather armour
rNeg   . . .     rCorr    .     (no shield)
rPois  .         rRot     .     (helmet restricted)
rElec  .         Spirit   .     (no cloak)
SustAb .         Warding  .     (no gloves)
rMut   .         Stasis   .     (boots unavailable)
Gourm  .                        (no amulet)
MR     .....                    v - ring of fire
                                m - ring of invisibility

@: very slightly contaminated, not resistant to hostile enchantments, unstealthy
A: able to fly, beak, talons 3
a: Fly, Upheaval, Renounce Religion, Evoke Invisibility


You were on level 6 of the Dungeon.
You worshipped Qazlal.
Qazlal was pleased with you.
You were not hungry.

You visited 1 branch of the dungeon, and saw 6 of its levels.

You collected 145 gold pieces.

Inventory:

Hand weapons
 k - a +3 dagger of freezing
 y - a +0 halberd of venom (weapon)
Missiles
 l - 9 tomahawks (quivered)
Armour
 r - a +0 leather armour (worn)
Magical devices
 a - a wand of disintegration (15) {unknown}
 p - a wand of confusion (5)
Comestibles
 c - 3 bread rations
 t - a beef jerky
 w - 3 rotting chunks of orc flesh
 x - 6 fruits
Scrolls
 e - a scroll of random uselessness
 g - 2 scrolls of remove curse
Jewellery
 m - a ring of invisibility (left hand)
 o - a +4 ring of evasion
 v - a ring of fire (right hand)
Potions
 d - a potion of heal wounds {unknown}
 f - a potion of curing {unknown}
 h - a potion of confusion {unknown}
 i - a potion of resistance {unknown}
 j - 2 potions of haste {unknown}
 n - a potion of agility {unknown}
 q - a potion of berserk rage {unknown}
Books
 b - a book of Air

   Spells                             Type                      Level
   *Shock                             Conjuration/Air              1
   *Swiftness                         Charms/Air                   2
   *Repel Missiles                    Charms/Air                   2
   Flight                             Charms/Air                   3
   *Static Discharge                  Conjuration/Air              3
   Lightning Bolt                     Conjuration/Air              5
 u - a book of Flames

   Spells                             Type                      Level
   Flame Tongue                       Conjuration/Fire             1
   Throw Flame                        Conjuration/Fire             2
   *Conjure Flame                     Conjuration/Fire             3
   Inner Flame                        Hexes/Fire                   3
   Sticky Flame                       Conjuration/Fire             4
   Fireball                           Conjuration/Fire             5


   Skills:
 + Level 1.1 Fighting
 + Level 0.2 Polearms
 + Level 1.4 Armour
 + Level 3.7 Dodging
 + Level 2.8 Stealth
 + Level 5.2 Spellcasting
 + Level 6.0 Conjurations
 + Level 0.2 Charms
 + Level 0.2 Fire Magic
 + Level 7.6 Air Magic


You had 6 spell levels left.
You knew the following spells:

 Your Spells              Type           Power        Failure   Level  Hunger
a - Shock                 Conj/Air       ####         1%          1    None
b - Static Discharge      Conj/Air       ####....     2%          3    ###....
c - Repel Missiles        Chrm/Air       ###...       4%          2    #......
d - Swiftness             Chrm/Air       ###.....     4%          2    #......
e - Conjure Flame         Conj/Fire      ###.....     14%         3    ###....


Dungeon Overview and Level Annotations

Branches:
Dungeon (6/15)             Temple (0/1) D:6

Altars:
Dithmenos
Fedhas
Kikubaaqudgha
Qazlal
The Shining One

Annotations:
D:3 Grinder


Innate Abilities, Weirdness & Mutations

You can fly.
You have a beak for a mouth.
You have claws for feet.


Message History

a hand axe; a ring mail The giant frog hits you.
* * * LOW HITPOINT WARNING * * *
Things that are here:
a dagger; a robe You flicker for a moment.
The giant frog misses you.
Things that are here:
a dagger; a robe You block the giant frog's attack.
The giant frog hits you.
* * * LOW HITPOINT WARNING * * *
You flicker back into view.
The giant frog closely misses you. The giant frog closely misses you.
You smell something rotten. (slot w)
The giant frog barely misses you.
You see here a giant newt skeleton.
The giant frog hits you.
You die...

#.# #..).............##[..
#.# #)####.####.####.##.#.
#.# #......# #.# ##....#
#.# #..§...# #.# #.####
#)# ##.§§..)# #.# #.# #.#
##...§...# #.# #.#
######.###.#......## #.#
#.#
.......##.####..)(.###.#
#.# #######...#
##.@....>.#####.# #.#.##
##.F%.##........##
#.##.###.##.####.###.#..##
#.###...###.####.........#
### #.#
##.......%...###.###.# ..#
#.# ######.####.# #.# #.#
#.# #.# #.# #.###+###.#
#.#####.# #.# #...'_'...##
........# #.# #.#######..#


You could see a giant frog.

Vanquished Creatures
  A centaur (D:6)
  2 phantoms
  2 ogres
  A giant frog (D:6)
  A scorpion (D:4)
  2 crimson imps (D:6)
  A jelly (D:5)
  4 orc wizards
  A quasit (D:6)
  3 iguanas
  3 worker ants (D:5)
  A hound skeleton (D:6)
  2 adders
  6 gnolls
  A shadow imp (D:5)
  3 worms
  5 giant geckos
  An ooze (D:2)
  9 orcs
  A ball python (D:2)
  5 bats
  4 giant cockroaches
  7 hobgoblins
  4 jackals (D:2)
  8 kobolds
  A quokka (D:5)
  4 giant newts
  13 goblins
  A hobgoblin skeleton (D:6)
  A jackal skeleton (D:4)
  6 rats
104 creatures vanquished.

Notes
Turn   | Place    | Note
--------------------------------------------------------------
     0 | D:1      | Kashira, the Tengu Air Elementalist, began the quest for the Orb.
     0 | D:1      | Reached XP level 1. HP: 10/10 MP: 3/3
   187 | D:1      | Reached XP level 2. HP: 15/15 MP: 0/5
   803 | D:2      | Reached XP level 3. HP: 19/19 MP: 5/7
   850 | D:2      | Found a stormy altar of Qazlal.
   859 | D:2      | Became a worshipper of Qazlal Stormbringer
  1330 | D:2      | Reached skill level 5 in Air Magic
  1537 | D:2      | Reached XP level 4. HP: 24/24 MP: 0/9
  2163 | D:3      | Noticed Grinder
  2308 | D:4      | Acquired Qazlal's first power
  2448 | D:4      | Found a shadowy altar of Dithmenos.
  2448 | D:4      | Noticed a phantom
  2512 | D:4      | Killed a phantom
  2512 | D:4      | Reached XP level 5. HP: 18/28 MP: 0/12
  2694 | D:4      | Reached skill level 6 in Air Magic
  2780 | D:4      | Reached XP level 6. HP: 33/33 MP: 8/15
  3122 | D:5      | Entered Level 5 of the Dungeon
  3252 | D:5      | Learned a level 3 spell: Static Discharge
  3255 | D:5      | Learned a level 2 spell: Repel Missiles
  3258 | D:5      | Learned a level 2 spell: Swiftness
  3524 | D:5      | Found a blossoming altar of Fedhas.
  3769 | D:5      | Reached XP level 7. HP: 37/37 MP: 11/18
  3890 | D:5      | Found a glowing golden altar of the Shining One.
  3997 | D:5      | Found an ancient bone altar of Kikubaaqudgha.
  4196 | D:6      | Reached skill level 1 in Armour
  4196 | D:6      | Reached skill level 5 in Conjurations
  4196 | D:6      | Reached skill level 7 in Air Magic
  4267 | D:6      | Learned a level 3 spell: Conjure Flame
  4624 | D:6      | Found a staircase to the Ecumenical Temple.
  4647 | D:6      | Acquired Qazlal's second power
  4691 | D:6      | Reached XP level 8. HP: 42/42 MP: 15/21
  4921 | D:6      | Reached skill level 5 in Spellcasting
  4993 | D:6      | Found a shadowy altar of Dithmenos.
  5009 | D:6      | Reached skill level 1 in Fighting
  5248 | D:6      | HP: 2/43 [giant frog (5)]
  5256 | D:6      | Slain by a giant frog

Action                   |  1- 3 |  4- 6 |  7- 9 || total
-------------------------+-------+-------+-------++-------
Melee: Club              |     3 |       |       ||     3
       Unarmed           |     1 |       |       ||     1
       Dagger            |     5 |    10 |       ||    15
       Halberd           |       |       |    13 ||    13
 Cast: Shock             |    67 |   126 |   135 ||   328
       Conjure Flame     |       |       |     4 ||     4
       Static Discharge  |       |       |     1 ||     1
       Swiftness         |       |       |     2 ||     2
 Abil: Evoke Invisibilit |       |       |     1 ||     1
Evoke: Wand              |       |     2 |       ||     2
  Use: Scroll            |     3 |     2 |     5 ||    10
  Eat: Chunk             |     2 |     5 |     4 ||    11
       Bread ration      |       |     1 |       ||     1
